 Dungeon Crawl Stone Soup version 0.23.1-37-gaa34b87 (console) character file.

Game seed: 11735058746881378041

818 fly the Conjurer (level 7, -4/41 HPs)
             Began as an Octopode Fire Elementalist on Mar 23, 2019.
             Killed from afar by an orc wizard (7 damage)
             ... with a magic dart
             ... on level 4 of the Dungeon.
             The game lasted 00:08:26 (4899 turns).

fly the Conjurer (Octopode Fire Elementalist)       Turns: 4899, Time: 00:08:27

Health: -4/41      AC:  1    Str:  7    XL:     7   Next: 94%
Magic:  4/11       EV: 14    Int: 20    God:
Gold:   222        SH:  4    Dex: 12    Spells: 0/12 levels left

rFire    . . .     SeeInvis .   a - +2 hand axe (flame)
rCold    + . .     Gourm    .   (no shield)
rNeg     . . .     Faith    .   (helmet restricted)
rPois    +         Spirit   .   o - +4 amulet of reflection
rElec    .         Reflect  +   u - ring of flight
rCorr    .         Harm     .   m - ring of protection from cold
MR       .....                  x - ring of poison resistance
Stlth    +++.......             (no ring)
HPRegen  0.13/turn              (no ring)
MPRegen  0.12/turn              (no ring)
                                (no ring)
                                (no ring)

@: no status effects
A: almost no armour, stealthy swim, amphibious, 8 rings, constrict 8, camouflage
1, gelatinous body 1
a: Evoke Flight


You were on level 4 of the Dungeon.
You were not hungry.

You visited 2 branches of the dungeon, and saw 5 of its levels.
You also visited: Sewer.

You collected 222 gold pieces.

Inventory:

Hand Weapons
 a - a +2 hand axe of flaming (weapon)
Jewellery
 m - a ring of protection from cold (right tentacle)
 n - an uncursed amulet of regeneration
 o - a +4 amulet of reflection (around mantle)
 u - a ring of flight (left tentacle)
 x - a ring of poison resistance (on tentacle)
Wands
 r - a wand of acid (9)
Scrolls
 d - 2 scrolls of noise {unknown}
 f - 8 scrolls of identify {unknown}
 g - 4 scrolls of remove curse {unknown}
 h - 3 scrolls of enchant weapon {unknown}
 j - 3 scrolls of enchant armour {unknown}
 s - a scroll of teleportation {unknown}
 t - 3 scrolls of magic mapping {unknown}
Potions
 c - a potion of lignification {unknown}
 e - a potion of heal wounds
 i - a potion of haste {unknown}
 k - 2 potions of curing {unknown}
 l - a potion of cancellation {unknown}
 p - a potion of degeneration {unknown}
 q - a potion of agility {unknown}
 v - a potion of flight {unknown}
Comestibles
 b - 2 rations
 w - 2 chunks of flesh


   Skills:
 - Level 3.0 Dodging
 - Level 2.6 Stealth
 - Level 3.0 Spellcasting
 - Level 7.0 Conjurations
 + Level 4.6 Fire Magic


You couldn't memorise any spells.
You knew the following spells:

 Your Spells              Type           Power        Failure   Level  Hunger
c - Conjure Flame         Conj/Fire      ####....     3%          3    ###....
n - Inner Flame           Hex/Fire       ##......     16%         3    ###....
t - Fireball              Conj/Fire      ####......   34%         5    ######.
z - Flame Tongue          Conj/Fire      ####.        1%          1    None

Your spell library contained the following spells:

 Spells                   Type           Power        Failure   Level  Hunger
 Throw Flame              Conj/Fire      ####..       1%          2    ##.....
 Sticky Flame             Conj/Fire      ####....     13%         4    ####...


Dungeon Overview and Level Annotations

Branches:
Dungeon (4/15)             Temple (1/1) D:4

Altars:
Cheibriados
Dithmenos
Elyvilon
Fedhas
Gozag
Hepliaklqana
Kikubaaqudgha
Makhleb
Nemelex Xobeh
Okawaru
Qazlal
Ru
Sif Muna
Trog
Uskayaw
Vehumet
Wu Jian
Xom
Yredelemnul
Zin
The Shining One


Innate Abilities, Weirdness & Mutations

You cannot wear most types of armour.
You are very stealthy in the water. (Stealth+)
You are amphibious.
You can wear up to eight rings at the same time.
You can use your tentacles to constrict eight enemies at once.
Your skin changes colour to match your surroundings (Stealth+).
Your rubbery body absorbs attacks. (AC +1, EV +1)


Message History

The flame tongue misses the orc.
The orc hits you but does no damage.
Casting: Flame Tongue (safe; 1% risk of failure)
Confirm with . or Enter, or press ? or * to list all spells.
Aiming: Flame Tongue (safe; 1% risk of failure)
Press: ? - help, Shift-Dir - straight line, f/p - orc
Aim: an orc, wielding a +0 dagger (almost dead)
The flame tongue hits the orc!
You kill the orc!
The orc priest invokes the aid of Beogh against you.
Beogh smites you!
* * * LOW HITPOINT WARNING * * *
Casting: Flame Tongue (safe; 1% risk of failure)
Confirm with . or Enter, or press ? or * to list all spells.
Aiming: Flame Tongue (safe; 1% risk of failure)
Press: ? - help, Shift-Dir - straight line, f - orc wizard
Aim: an orc wizard, wielding a +0 dagger and wearing a +0 robe (fast)
The flame tongue misses the orc wizard.
The orc wizard gestures at you while chanting.
The magic dart hits you!
You die...

.#
###+###.......########....
.# ....... ........## .#
..... #######.## .# .o.
#..# .# #o# ##.# .# #.#
#.. .# #.# #######. ##
###############o# ........
.# #............@)o#
........ .#
#.############### ........
.# #.# ########. ## #.#
#........ #.# #........
####.# #.......# .....#
#..(....# .....# #.......#
.....# #.#####..


You could see an orc priest and an orc wizard.

Vanquished Creatures
  An ice beast (D:4)
  2 bullfrogs (Sewer)
  A hound (D:4)
  An orc priest (D:3)
  4 worker ants
  4 gnolls (D:4)
  18 adders
  3 river rats (D:3)
  10 oozes
  An adder skeleton (D:4)
  3 worms (D:3)
  3 dart slugs
  15 leopard geckos
  8 orcs
  20 giant cockroaches
  6 goblins
  9 hobgoblins
  5 kobolds
  3 quokkas
  7 ball pythons (Sewer)
  11 bats
  15 frilled lizards
  A leopard gecko skeleton (D:4)
  7 rats
158 creatures vanquished.

Notes
Turn   | Place    | Note
-------+----------+-------------------------------------------
     0 | D:1      | fly the Octopode Fire Elementalist began the quest for the
                  | Orb.
     0 | D:1      | Reached XP level 1. HP: 11/11 MP: 3/3
    67 | D:1      | Reached XP level 2. HP: 12/17 MP: 0/5
   154 | D:1      | Reached skill level 2 in Conjurations
   382 | D:1      | Reached XP level 3. HP: 21/21 MP: 4/6
   927 | D:2      | Reached skill level 3 in Conjurations
   927 | D:2      | Reached XP level 4. HP: 22/27 MP: 0/8
   998 | D:2      | Learned a level 3 spell: Conjure Flame
  1002 | D:2      | Learned a level 3 spell: Inner Flame
  1491 | D:2      | Reached XP level 5. HP: 31/31 MP: 5/9
  1762 | D:3      | Reached skill level 4 in Conjurations
  1845 | D:3      | Found a glowing drain.
  1849 | Sewer    | Entered a sewer
  1968 | Sewer    | Reached XP level 6. HP: 36/36 MP: 5/10
  2233 | Sewer    | Reached skill level 5 in Conjurations
  2889 | Sewer    | Reached skill level 6 in Conjurations
  2889 | Sewer    | Reached XP level 7. HP: 41/41 MP: 6/11
  2994 | D:3      | Learned a level 5 spell: Fireball
  3157 | D:2      | HP: 2/41 [poisoned by an adder]
  3781 | D:4      | Reached skill level 7 in Conjurations
  4046 | D:4      | Found a staircase to the Ecumenical Temple.
  4054 | Temple   | Entered the Ecumenical Temple
  4898 | D:4      | HP: 2/41 [orc priest/divine providence (14)]
  4899 | D:4      | Killed from afar by an orc wizard

Skill      XL: |  1  2  3  4  5  6  7 |
---------------+----------------------+-----
Conjurations   | 2 3 4 6 7 |  7.0
Spellcasting   | 3 |  3.0
Dodging        | 3 |  3.0
Fire Magic     | 4 |  4.6
Stealth        | |  2.6

Action                   |  1- 3 |  4- 6 |  7- 9 || total
-------------------------+-------+-------+-------++-------
Melee: Unarmed           |    16 |       |       ||    16
       Constrict         |     5 |     1 |     2 ||     8
       Tentacles         |     3 |       |     2 ||     5
       Dagger            |       |     2 |       ||     2
       Hand axe          |       |       |    20 ||    20
 Cast: Flame Tongue      |    49 |   134 |    73 ||   256
  Use: Potion            |       |       |     2 ||     2
 Stab: Sleeping          |       |       |     1 ||     1
  Eat: Chunk             |       |     6 |     3 ||     9
       Ration            |       |       |     1 ||     1
Armor: Skin              |     2 |     2 |     4 ||     8
Dodge: Dodged            |    26 |    35 |    37 ||    98
Block: Other             |       |     8 |    17 ||    25
